 Dungeon Sprint DCSS version 0.30-a0-465-g8901f6c8b5 (webtiles) character file.

Game seed: 11560631731870716270

6900000 NinjaNoafa the Champion of Chaos (level 23, -10/240 HPs)
             Began as a Hill Orc Fighter on Dec 19, 2022.
             Was the Champion of Makhleb.
             Killed by the air
             ... invoked by a tyrant
              (38 damage)
             ... in the Dungeon (Sprint VIII: "Arena of Blood").
             The game lasted 00:03:19 (69 turns).

NinjaNoafa the Champion of Chaos (Hill Orc Fighter)   Turns: 69, Time: 00:03:19

Health: -10/240    AC: 13    Str: 22    XL:     23   Next: 16%
Magic:  10/40      EV: 27    Int:  8    God:    Makhleb [******]
Gold:   0          SH:  0    Dex: 18    Spells: 44/44 levels left

rFire   . . .      SeeInvis .    k - +∞ Axe of Woe
rCold   . . .      Faith    .    (shield currently unavailable)
rNeg    . . .      Spirit   .    b - +0 scale mail
rPois   .          Reflect  .    (no helmet)
rElec   .          Harm     .    (no cloak)
rCorr   .          Rampage  .    (no gloves)
Will    +....      NoTele   +    (no boots)
Stlth   ++++++++..               (no amulet)
HPRegen 0.60/turn                l - +30 ring of slaying
MPRegen 0.27/turn                n - +30 ring of slaying

@: hasted, very quick
A: no striking features
a: Renounce Religion, Minor Destruction, Lesser Servant of Makhleb, Major
Destruction, Greater Servant of Makhleb


You were in the Dungeon.
You worshipped Makhleb.
Makhleb was exalted by your worship.
You visited 1 branch

Inventory:

Hand Weapons
 a - a +0 war axe
 k - the +∞ Axe of Woe (weapon)
   (You found it in the Dungeon)
Armour
 b - a +0 scale mail (worn)
 c - a +0 buckler
Jewellery
 l - a +30 ring of slaying (left hand)
 m - a +30 ring of slaying
 n - a +30 ring of slaying (right hand)
Potions
 d - a potion of might
 h - 2 potions of magic
 i - a potion of berserk rage


   Skills:
 O Level 27 Fighting
 + Level 14.6(16.6) Short Blades
 + Level 14.2(17.2) Long Blades
 O Level 27 Axes
 + Level 14.2(21.9) Maces & Flails
 + Level 14.2(21.9) Polearms
 + Level 12.1(15.9) Staves
 + Level 12.1 Ranged Weapons
 + Level 13.4 Throwing
 O Level 27 Armour
 O Level 27 Dodging
 O Level 27 Stealth
 O Level 27 Shields
 + Level 15.8 Unarmed Combat
 + Level 11.4 Spellcasting
 + Level 14.6 Conjurations
 + Level 14.6 Hexes
 + Level 14.6 Summonings
 + Level 14.6 Necromancy
 + Level 12.4 Translocations
 + Level 11.4 Transmutations
 + Level 15.8 Fire Magic
 + Level 13.4 Ice Magic
 + Level 12.4 Air Magic
 + Level 14.6 Earth Magic
 + Level 13.4 Poison Magic
 O Level 27 Invocations
 + Level 14.6 Evocations


You had 44 spell levels left.
You didn't know any spells.
Your spell library was empty.

Dungeon Overview and Level Annotations

Branches:
Dungeon (1/1)

Altars:
Makhleb

Annotations:
D The Captor, The Servant


Message History

A meat beast comes into view.
Your Executioner is engulfed in blazing flames.
Your Executioner hits the accursed! Your Executioner hits the accursed.
Your Executioner hits the accursed but does no damage.
You hear a shout! x7
Your Executioner is engulfed in blazing flames.
Your Executioner hits the accursed! Your Executioner hits the accursed.
Your Executioner hits the accursed but does no damage.
The Captor comes into view.
He is wielding a +9 vorpal triple sword.
You hear a shout! x4
The accursed completely misses your Executioner.
You hear a shout! x2
Your hellwing hits the accursed!
Your hellwing hits the accursed but does no damage.
Your Executioner is engulfed in blazing flames.
Your Executioner gestures.
Your Executioner seems to speed up.
You hear a shout! x3
The large abomination is engulfed in blazing flames.
Okay, then.
The Captor shouts!
You carve the large abomination like a ham!!!!
You dissect the large abomination like a pig carcass.
You blow up the large abomination!
The large abomination disappears in a puff of smoke!
Your Executioner is engulfed in blazing flames.
Your Executioner hits the accursed.
Your Executioner hits the accursed but does no damage.
Your Executioner hits the accursed.
You hear a shout! x4
The Captor gestures wildly while chanting.
The Captor seems to speed up.
The accursed hits your Executioner!
A demon appears!
Your Executioner is engulfed in blazing flames.
Your Executioner hits the accursed. x3
You hear a shout! x3
The tyrant is engulfed in blazing flames.
The tyrant waves its bony arms in wide circles.
The air twists around and strikes you!!!
You die...

..#)).).#......
@...#....§..._.........
............###........
.......###.......###...
.........#..2....# ..
.........#....L..#
#.................
#.#.......§§......
#....@.@§§☼......
#.#....§)§§......
#....§#2)1.....#
....O..L))L.M....#
.......##X#..4....
#...... .X........
...####..X.#.....# ...
..XX.......
............


You could see an accursed (ally target), a meat beast (fast), 3 tyrants, The
Servant, a meat berserker (berserk), The Captor (fast), a friendly balrug
(summoned), a friendly Executioner (summoned, fast) and a friendly hellwing
(summoned).

Vanquished Creatures
  A royal mummy (D)
  8 vampire knights (D)
  10 ogres (D)
  4 two-headed ogres (D)
  24 orcs (D)
  4 skeletal warriors (D)
51 creatures vanquished.

Notes
Turn   | Place    | Note
-------+----------+-------------------------------------------
     0 | D        | Found the +∞ Axe of Woe
     0 | D        | NinjaNoafa the Hill Orc Fighter began the quest for the
                  | Orb.
     0 | D        | Reached XP level 1. HP: 19/19 MP: 1/1
     1 | D        | Noticed a bag of meat
     1 | D        | Noticed a bag of meat
     2 | D        | Noticed a bag of meat
     6 | D        | Noticed a bag of meat
     8 | D        | Became a worshipper of Makhleb the Destroyer
     9 | D        | Killed a bag of meat
     9 | D        | Noticed a bag of meat
    10 | D        | Reached XP level 2. HP: 44/44 MP: 1/12
    10 | D        | Reached XP level 3. HP: 50/50 MP: 1/14
    10 | D        | Reached XP level 4. HP: 58/58 MP: 1/15
    10 | D        | Reached XP level 5. HP: 64/64 MP: 1/17
    10 | D        | Reached XP level 6. HP: 72/72 MP: 1/18
    10 | D        | Reached XP level 7. HP: 79/79 MP: 1/20
    10 | D        | Reached XP level 8. HP: 86/86 MP: 1/21
    10 | D        | Reached XP level 9. HP: 93/93 MP: 1/22
    10 | D        | Reached XP level 10. HP: 101/101 MP: 1/23
    10 | D        | Reached XP level 11. HP: 107/107 MP: 1/24
    10 | D        | Killed a bag of meat
    10 | D        | Reached * piety under Makhleb
    10 | D        | Killed a bag of meat
    11 | D        | Reached skill level 15 in Armour
    11 | D        | Reached XP level 12. HP: 123/123 MP: 1/27
    11 | D        | Killed a bag of meat
    11 | D        | Noticed a bag of meat
    12 | D        | Reached XP level 13. HP: 132/132 MP: 1/29
    12 | D        | Killed a bag of meat
    12 | D        | Reached ** piety under Makhleb
    13 | D        | Noticed a bag of meat
    13 | D        | Noticed a meat berserker
    15 | D        | Noticed a meat berserker
    16 | D        | Noticed a bag of meat
    17 | D        | Killed a meat berserker
    17 | D        | Noticed a bag of meat
    18 | D        | Reached skill level 27 in Axes
    18 | D        | Reached skill level 27 in Invocations
    18 | D        | Reached XP level 14. HP: 151/151 MP: 2/31
    20 | D        | Killed a meat berserker
    20 | D        | Killed a bag of meat
    20 | D        | Reached *** piety under Makhleb
    21 | D        | Reached XP level 15. HP: 170/170 MP: 2/32
    22 | D        | Noticed a large bag of meat
    25 | D        | Noticed a meat berserker
    26 | D        | Reached skill level 27 in Fighting
    26 | D        | Reached skill level 27 in Armour
    28 | D        | Killed a large bag of meat
    28 | D        | Reached **** piety under Makhleb
    28 | D        | Noticed a meat berserker
    29 | D        | Reached skill level 15 in Dodging
    29 | D        | Reached XP level 16. HP: 144/183 MP: 4/33
    29 | D        | Noticed a large bag of meat
    29 | D        | Noticed an eight-headed meat hydra
    30 | D        | Noticed a meat berserker
    31 | D        | Noticed The Servant
    31 | D        | Noticed a destroyer
    32 | D        | Noticed a meat berserker
    32 | D        | Noticed a destroyer
    33 | D        | Noticed a large bag of meat
    34 | D        | Killed a meat berserker
    35 | D        | Noticed a sculptor of flesh
    35 | D        | Noticed a large bag of meat
    35 | D        | Noticed a destroyer
    36 | D        | Noticed a destroyer
    36 | D        | Noticed a sculptor of flesh
    36 | D        | Noticed a destroyer
    38 | D        | Noticed a meat berserker
    39 | D        | Noticed a meat berserker
    40 | D        | Noticed a sculptor of flesh
    40 | D        | Reached ***** piety under Makhleb
    42 | D        | Reached XP level 17. HP: 144/191 MP: 6/34
    42 | D        | Noticed a destroyer
    42 | D        | Noticed a destroyer
    43 | D        | Noticed a sculptor of flesh
    43 | D        | Killed a destroyer
    43 | D        | Killed a destroyer
    43 | D        | Killed a sculptor of flesh
    43 | D        | Killed a sculptor of flesh
    44 | D        | Reached skill level 27 in Dodging
    44 | D        | Reached XP level 18. HP: 117/200 MP: 6/35
    44 | D        | Noticed an accursed
    44 | D        | Killed a destroyer
    44 | D        | Noticed a destroyer
    45 | D        | Killed a meat berserker
    46 | D        | Reached skill level 27 in Stealth
    47 | D        | Killed a meat berserker
    47 | D        | Killed a meat berserker
    47 | D        | Killed a large bag of meat
    47 | D        | Killed a destroyer
    47 | D        | Reached ****** piety under Makhleb
    48 | D        | Reached skill level 27 in Shields
    48 | D        | Reached XP level 19. HP: 171/207 MP: 7/36
    48 | D        | Noticed an accursed
    48 | D        | HP: 10/207 [The Servant/+9 glaive of flaming (36)]
    49 | D        | Killed a meat berserker
    49 | D        | Killed a destroyer
    49 | D        | Killed a sculptor of flesh
    49 | D        | Killed a destroyer
    50 | D        | Reached skill level 5 in Spellcasting
    50 | D        | Reached skill level 5 in Transmutations
    50 | D        | Reached XP level 20. HP: 65/216 MP: 7/37
    50 | D        | Killed a destroyer
    50 | D        | Killed a meat berserker
    50 | D        | Killed a destroyer
    51 | D        | Reached skill level 10 in Short Blades
    51 | D        | Reached skill level 10 in Conjurations
    51 | D        | Reached skill level 10 in Hexes
    51 | D        | Reached skill level 10 in Summonings
    51 | D        | Reached skill level 10 in Necromancy
    51 | D        | Reached skill level 10 in Earth Magic
    51 | D        | Reached skill level 10 in Evocations
    51 | D        | Reached XP level 21. HP: 145/224 MP: 7/38
    52 | D        | Killed a large bag of meat
    53 | D        | Reached skill level 10 in Long Blades
    53 | D        | Reached skill level 10 in Maces & Flails
    53 | D        | Reached skill level 10 in Polearms
    53 | D        | Noticed a meat berserker
    54 | D        | Killed an accursed
    55 | D        | Reached skill level 10 in Staves
    55 | D        | Reached skill level 10 in Ranged Weapons
    55 | D        | Reached skill level 10 in Translocations
    55 | D        | Reached skill level 10 in Air Magic
    55 | D        | Reached XP level 22. HP: 101/233 MP: 8/39
    56 | D        | Noticed a tyrant
    57 | D        | Reached skill level 10 in Spellcasting
    57 | D        | Reached skill level 10 in Transmutations
    57 | D        | Noticed a tyrant
    64 | D        | Killed a large bag of meat
    64 | D        | Noticed a tyrant
    65 | D        | Reached skill level 15 in Unarmed Combat
    65 | D        | Reached skill level 15 in Fire Magic
    66 | D        | Reached XP level 23. HP: 37/240 MP: 9/40
    67 | D        | Noticed a meat beast
    67 | D        | Noticed The Captor
    69 | D        | Killed from afar by a tyrant

Illustrated notes

Levels and vault maps discovered:
D:        meatsprint

Skill      XL: |  1  2  3  4  5  6  7  8  9 10 11 12 13 14 15 16 17 18 19 20 21 22 |
---------------+-------------------------------------------------------------------+-----
Fighting       | 13 16 17 21 25 27 | 27.0
Axes           | 19 23 25 27 | 27.0
Armour         | 12 15 16 19 23 27 | 27.0
Invocations    | 19 23 25 27 | 27.0
Dodging        | 15 22 27 | 27.0
Stealth        | 17 27 | 27.0
Shields        | 27 | 27.0
Short Blades   | 7 10 12 14 | 14.6
Long Blades    | 7 9 11 14 | 14.2
Maces & Flails | 7 9 11 14 | 14.2
Polearms       | 7 9 11 14 | 14.2
Staves         | 6 8 10 12 | 12.1
Ranged Weapons | 6 8 10 12 | 12.1
Throwing       | 6 9 11 13 | 13.4
Unarmed Combat | 8 11 13 15 | 15.8
Spellcasting   | 5 7 9 11 | 11.4
Conjurations   | 7 10 12 14 | 14.6
Hexes          | 7 10 12 14 | 14.6
Summonings     | 7 10 12 14 | 14.6
Necromancy     | 7 10 12 14 | 14.6
Translocations | 6 8 10 12 | 12.4
Transmutations | 5 7 9 11 | 11.4
Fire Magic     | 8 11 13 15 | 15.8
Ice Magic      | 6 9 11 13 | 13.4
Air Magic      | 6 8 10 12 | 12.4
Earth Magic    | 7 10 12 14 | 14.6
Poison Magic   | 6 9 11 13 | 13.4
Evocations     | 7 10 12 14 | 14.6

Action                   |  1- 3 |  4- 6 |  7- 9 | 10-12 | 13-15 | 16-18 | 19-21 | 22-24 || total
-------------------------+-------+-------+-------+-------+-------+-------+-------+-------++-------
Melee: Executioner's axe |     1 |       |       |     2 |     6 |     8 |     4 |     8 ||    29
Invok: Greater Servant o |       |       |       |       |       |     1 |       |     2 ||     3
       Lesser Servant of |       |       |       |       |       |       |     1 |       ||     1
       Major Destruction |       |       |       |       |       |       |       |     1 ||     1
  Use: Potion            |       |       |       |       |       |     3 |       |       ||     3
       Scroll            |       |       |       |       |       |     1 |       |       ||     1
 Stab: Distracted        |       |       |       |       |       |       |     1 |       ||     1
Dodge: Dodged            |       |       |       |       |       |       |     3 |     3 ||     6

Table legend: (Time is in decaauts)
 A = Elapsed time spent in this place.
 B = Non-inter-level travel time spent in this place.
 C = Inter-level travel time spent in this place.
 D = Time resting spent in this place.
 E = Time spent auto-exploring this place.
 F = Levels seen in this place.
 G = Mean time per level.
                   A        B        C        D        E       F      G
               +--------+--------+--------+--------+--------+-----+--------+
         Total |     50 |     50 |      0 |      0 |      0 |   1 |   50.0 |
       Dungeon |     50 |     50 |      0 |      0 |      0 |   1 |   50.0 |
               +--------+--------+--------+--------+--------+-----+--------+

Top non-repeatable levels by time:
       D: 50 daAuts
